 Dungeon Crawl Stone Soup version 0.18-b1-2-gd0c887e (webtiles) character file.

30 RudyRod the Firebug (level 3, -3/24 HPs)
             Began as a Demonspawn Fire Elementalist on Apr 28, 2016.
             Succumbed to a kobold's poison
             ... on level 1 of the Dungeon.
             The game lasted 00:07:52 (1084 turns).

RudyRod the Firebug (Demonspawn Fire Elementalist)  Turns: 1084, Time: 00:07:57

Health: -3/24      AC:  7    Str:  8    XL:     3   Next: 3%
Magic:  0/6        EV: 11    Int: 17    God:
Gold:   84         SH:  0    Dex: 12    Spells: 2 memorised, 3 levels left

rFire  . . .     SeeInvis .     e - +0 club
rCold  . . .     Gourm    .     j - +0 leather armour
rNeg   . . .     Faith    .     (no shield)
rPois  .         Spirit   .     (no helmet)
rElec  .         Dismiss  .     (no cloak)
rCorr  .         Reflect  .     (no gloves)
SustAt .         Harm     .     (no boots)
MR     .....                    (no amulet)
Stlth  ++........               (no ring)
                                (no ring)

@: lethally poisoned (-3 -> -39), very slightly contaminated, not resistant to
hostile enchantments, unstealthy
A: rough black scales 1
a: no special abilities


You were on level 1 of the Dungeon.
You were not hungry.

You visited 1 branch of the dungeon, and saw 2 of its levels.

You collected 84 gold pieces.

Inventory:

Hand Weapons
 e - a +0 club (weapon)
Armour
 a - a +0 robe
 f - a +0 chain mail
 j - a +0 leather armour (worn)
Scrolls
 d - 2 scrolls of identify {unknown}
 i - a scroll of enchant weapon {unknown}
 n - a scroll of blinking {unknown}
Potions
 g - a potion of cure mutation {unknown}
 h - 3 potions of curing {unknown}
 k - a potion of lignification {unknown}
 l - a potion of heal wounds {unknown}
 m - a potion of berserk rage {unknown}
Books
 b - a book of Flames

   Spells                             Type                      Level
   a - Flame Tongue                   Conjuration/Fire             1
   b - Throw Flame                    Conjuration/Fire             2
   c - Conjure Flame                  Conjuration/Fire             3
   d - Inner Flame                    Hexes/Fire                   3
   e - Sticky Flame                   Conjuration/Fire             4
   f - Fireball                       Conjuration/Fire             5
Comestibles
 c - 2 bread rations


   Skills:
 + Level 1.9 Dodging
 + Level 2.1 Stealth
 + Level 2.1 Spellcasting
 + Level 1.0 Conjurations
 + Level 3.4 Fire Magic


You had 3 spell levels left.
You knew the following spells:

 Your Spells              Type           Power        Failure   Level  Hunger
a - Flame Tongue          Conj/Fire      #....        14%         1    #......
b - Throw Flame           Conj/Fire      #.....       21%         2    ###....


Dungeon Overview and Level Annotations

Branches:
Dungeon (2/15)

Altars:
Okawaru

Annotations:
D:1 Ijyb


Innate Abilities, Weirdness & Mutations

You are partially covered in rough black scales (AC +4, Dex -1).


Message History

You miscast Flame Tongue.
Strange energies run through your body.
You feel sick. Ijyb hits you but does no damage. The kobold barely misses you.
You closely miss Ijyb.
Ijyb is almost dead.
You feel sick. Ijyb hits you but does no damage. The kobold closely misses you.
You barely miss Ijyb.
Ijyb is almost dead.
You feel sick. Ijyb hits you.
The kobold hits you with a short sword of venom.
You are more poisoned.
Ijyb zaps a wand.
The puff of flame hits you!
* * * LOW HITPOINT WARNING * * *
Unknown command.
* * * LOW HITPOINT WARNING * * *
You feel sick. The kobold hits you but does no damage.
You are more poisoned.
Ijyb hits you.
* * * LOW HITPOINT WARNING * * *
You climb upwards.
You die...

##...........###### #####
###...........>... ....#
#...###......... ....# #...#
#......... ....#
####..###........(
....############.....#..........(
....#...........................(
###....#####....gK..............(
##..##...###....@.#.#............
...#####..##.....#..#.####......(
.########..#.....#.##.# ##..#####
......# ##.......#.##.# #..##
#.....# ###....##.#..###.##
#.....# #.........###..# #.....#
#....#...## #.## #####.####
#.#.##....###.#
#..(.###.#.##..#.##..##


You could see Ijyb and a kobold.

Vanquished Creatures
  An ooze (D:1)
  A dart slug (D:1)
  2 goblins (D:1)
  4 hobgoblins (D:1)
  6 kobolds (D:1)
  3 bats (D:1)
  2 giant newts (D:1)
  4 rats (D:1)
23 creatures vanquished.

Notes
Turn   | Place    | Note
--------------------------------------------------------------
     0 | D:1      | RudyRod the Demonspawn Fire Elementalist began the quest for the Orb.
     0 | D:1      | Reached XP level 1. HP: 13/13 MP: 3/3
   419 | D:1      | Reached skill level 3 in Fire Magic
   419 | D:1      | Gained mutation: You are partially covered in rough black scales (AC +4, Dex -1). [demonic ancestry]
   419 | D:1      | Reached XP level 2. HP: 19/19 MP: 0/5
   623 | D:1      | Learned a level 2 spell: Throw Flame
   675 | D:1      | Found an iron altar of Okawaru.
   846 | D:1      | Reached XP level 3. HP: 24/24 MP: 2/6
  1069 | D:2      | Noticed Ijyb
  1083 | D:2      | HP: 1/24 [Ijyb (1)]
  1084 | D:1      | Succumbed to a kobold's poison

Skill      XL: |  1  2 |
---------------+-------+-----
Fire Magic     | 3 |  3.4
Stealth        | 2 |  2.1
Dodging        | |  1.9
Spellcasting   | |  2.1
Conjurations   | |  1.0

Action                   || total
-------------------------++-------
Melee: Club              ||    31
 Cast: Flame Tongue      ||    39
       Throw Flame       ||     2
  Eat: Chunk             ||     1
Armor: Robe              ||     6
       Leather armour    ||    11
Dodge: Dodged            ||    37
